 Dungeon Crawl Stone Soup version 0.14.0-18-g0341e45 (webtiles) character file.

4689 BlackAndWhite the Carver (level 10, -1/76 HPs)
             Began as a Human Gladiator on Apr 20, 2014.
             Was a Priest of Fedhas.
             Slain by a killer bee (4 damage)
             ... on Level 8 of the Dungeon.
             The game lasted 00:36:10 (9810 turns).

BlackAndWhite the Carver (Human Gladiator)          Turns: 9810, Time: 00:36:12

HP  -1/76        AC 19     Str 16      XL: 10   Next: 52%
MP  18/18        EV  4     Int  9      God: Fedhas [***...]
Gold 525         SH  0     Dex 16      Spells:  0 memorised,  9 levels left

rFire  . . .     SeeInvis .     a - +0 long sword
rCold  . . .     Clarity  .     x - +2 plate armour
rNeg   . . .     Conserve .     (no shield)
rPois  +         rCorr    .     c - +1 helmet
rElec  .         rRot     .     (no cloak)
SustAb . .       Spirit   .     B - +0 pair of gloves
rMut   .         Warding  .     q - +2 pair of boots
Saprov . . .     Stasis   .     (no amulet)
MR     .....                    p - ring of flight
                                t - ring of poison resistance

@: heavily drained, not resistant to hostile enchantments, extremely unstealthy
A: no striking features
a: Evolution, Sunlight, Growth, Renounce Religion, Evoke Flight


You were on level 8 of the Dungeon.
You worshipped Fedhas.
Fedhas was most pleased with you.
You were not hungry.

You visited 2 branches of the dungeon, and saw 9 of its levels.
You also visited: Sewer.

You collected 525 gold pieces.

Inventory:

Hand weapons
 a - a +0,+0 long sword (weapon)
 b - a +0,+0 bow
 y - a +1,+0 whip of electrocution
 I - a +2,+1 falchion
 L - a +2,+1 dire flail of pain
Missiles
 d - a throwing net (quivered)
 n - 120 arrows
Armour
 c - a +1 helmet (worn)
 q - a +2 pair of boots (worn)
 u - a +3 ring mail
 x - a +2 plate armour (worn)
 B - a +0 pair of gloves (worn)
Magical devices
 h - a wand of enslavement (17)
 j - a wand of fire (7)
 l - a wand of draining (8) {unknown}
 O - a wand of draining (4) {unknown}
Comestibles
 f - 7 bread rations
 k - 2 rotting chunks of orc flesh
 C - 3 meat rations
Scrolls
 e - 6 scrolls of remove curse
 g - 2 scrolls of recharging {unknown}
 r - 2 scrolls of blinking {unknown}
 v - 9 scrolls of identify {unknown}
 z - a scroll of magic mapping
 A - 5 scrolls of teleportation
 D - 3 scrolls of fog {unknown}
 E - a scroll of noise {unknown}
 F - a scroll of enchant weapon I {unknown}
 P - a scroll of amnesia {unknown}
 Q - a scroll of enchant armour
 R - a scroll of enchant weapon II {unknown}
Jewellery
 m - an uncursed ring of teleportation
 p - a ring of flight (right hand)
 t - a ring of poison resistance (left hand)
 J - a +3 ring of intelligence
Potions
 s - a potion of mutation {unknown}
 w - a potion of brilliance
 H - a potion of poison {unknown}
 K - a potion of might
Books
 S - the Catalogue of Lightness
   (You found it on level 7 of the Dungeon)

   Spells                             Type                      Level
   Flight                             Charms/Air                   3
   Summon Lightning Spire             Summoning/Air                4
   Silence                            Hexes/Air                    5
   Freezing Cloud                     Conjuration/Ice/Air          6


   Skills:
 + Level 6.1(3.3) Fighting
 + Level 8.5(5.6) Long Blades
 + Level 3.7(1.1) Bows
 - Level 2.0(0.0) Throwing
 + Level 6.0(3.3) Armour
 + Level 6.8(4.0) Dodging
 + Level 5.2(2.5) Invocations


You had 9 spell levels left.
You didn't know any spells.

Dungeon Overview and Level Annotations

Branches:
Dungeon (8/15)             Temple (1/1) D:6            Lair (0/8) D:8

Altars:
Ashenzari
Cheibriados
Dithmenos
Elyvilon
Fedhas
Kikubaaqudgha
Makhleb
Nemelex Xobeh
Okawaru
Sif Muna
Trog
Vehumet
Xom
Yredelemnul
Zin
The Shining One


Message History

You are too injured to fight recklessly!
You are too injured to fight recklessly!
You hit the killer bee but do no damage.
The killer bee is severely wounded.
The killer bee completely misses you.
The killer bee stings you but does no damage.
You miss the killer bee.
The killer bee is severely wounded.
The killer bee stings you.
* * * LOW HITPOINT WARNING * * *
The killer bee barely misses you.
You closely miss the killer bee.
The killer bee is severely wounded.
The killer bee stings you.
* * * LOW HITPOINT WARNING * * *
The killer bee stings you.
* * * LOW HITPOINT WARNING * * *
The killer bee stings you.
You die...
Fedhas appreciates your contribution to the ecosystem.

#.# ..... #.# ......
#.# #.>.... ##k#
#...... #kk# #......
#z## #...... #h#
####### #k# # #@# # #.#
#.# ######## #.#
#....<..
######'#########.......
#...........#..'%......
#...........#.##P).....
#....(....f.).##(......
#.........ff####.......


You could see a hound, 4 killer bees and a hound skeleton.

Vanquished Creatures
  Pikel (D:5)
  The ghost of cedor the Stinger, an experienced NaVM of Dithmenos (D:8)
  A fire drake (D:8)
  A spriggan (D:7)
  The ghost of Dirian the Ruffian, an average VSMo (D:4)
  Edmund (D:5)
  3 ice beasts
  A sky beast (D:5)
  A phantom (D:5)
  6 ogres
  A centaur (D:5)
  2 giant frogs
  5 big kobolds (D:3)
  2 scorpions
  2 killer bees (D:8)
  A hippogriff zombie (D:3)
  2 crimson imps
  A hound (D:5)
  A big fish (Sewer)
  A jelly (D:7)
  5 orc priests
  A giant frog skeleton (D:6)
  2 iguanas (D:5)
  6 orc wizards
  4 worker ants
  Ijyb (D:5)
  Terence (D:2)
  A hound skeleton (D:7)
  6 adders
  6 gnolls
  A giant mite (D:6)
  2 shadow imps (D:7)
  5 green rats
  2 worms
  An iguana skeleton (D:6)
  An adder skeleton (D:4)
  4 giant geckos
  An ooze (D:6)
  8 orcs
  18 bats
  A bat skeleton (D:4)
  6 giant cockroaches
  19 goblins
  11 hobgoblins
  13 jackals
  4 ball pythons
  A giant gecko skeleton (D:5)
  11 giant newts
  55 kobolds
  3 orc skeletons
  A quokka (D:7)
  18 rats
  A rat skeleton (D:4)
  A rat zombie (D:7)
256 creatures vanquished.

Vanquished Creatures (collateral kills)
  2 orcs (D:8)
2 creatures vanquished.

Vanquished Creatures (others)
  A slave (D:5)
  A worm zombie (D:5)
  A goliath beetle zombie (D:5)
  An orc (D:8)
  A bat (D:5)
  A rat zombie (D:5)
  75 toadstools
81 creatures vanquished.

Grand Total: 339 creatures vanquished

Notes
Turn   | Place    | Note
--------------------------------------------------------------
     0 | D:1      | BlackAndWhite, the Human Gladiator, began the quest for the Orb.
     0 | D:1      | Reached XP level 1. HP: 16/16 MP: 1/1
   150 | D:1      | Reached XP level 2. HP: 20/22 MP: 2/2
   324 | D:1      | Reached skill level 1 in Armour
   351 | D:1      | Reached XP level 3. HP: 23/27 MP: 3/3
   674 | D:2      | HP: 1/27 [giant gecko (4)]
   712 | D:2      | Found a white marble altar of Elyvilon.
   732 | D:2      | Reached XP level 4. HP: 9/34 MP: 4/4
  1163 | D:2      | Noticed Terence
  1188 | D:2      | Killed Terence
  1188 | D:2      | Reached skill level 4 in Long Blades
  1400 | D:2      | Reached XP level 5. HP: 37/39 MP: 5/5
  1731 | D:3      | Found a shattered altar of Ashenzari.
  1961 | D:3      | Found a shimmering altar of Xom.
  2079 | D:3      | Found a sparkling altar of Nemelex Xobeh.
  2173 | D:3      | Found a blossoming altar of Fedhas.
  2264 | D:3      | Became a worshipper of Fedhas Madash
  2433 | D:3      | Reached XP level 6. HP: 43/47 MP: 6/6
  2631 | D:3      | Reached skill level 5 in Long Blades
  3019 | D:3      | Reached XP level 7. HP: 52/52 MP: 7/7
  3122 | D:3      | Acquired Fedhas' first power
  3820 | D:4      | Reached skill level 6 in Long Blades
  4012 | D:4      | Reached XP level 8. HP: 45/60 MP: 8/8
  4062 | D:4      | Reached skill level 1 in Invocations
  4131 | D:4      | Acquired Fedhas' second power
  4325 | D:4      | Noticed Dirian's ghost (average VSMo)
  4471 | D:4      | Killed Dirian's ghost
  4471 | D:4      | Reached skill level 5 in Dodging
  4610 | D:5      | Entered Level 5 of the Dungeon
  4819 | D:5      | Noticed Ijyb
  4850 | D:5      | Killed Ijyb
  4860 | D:5      | Reached skill level 7 in Long Blades
  4914 | D:5      | Noticed Pikel
  4954 | D:5      | Killed Pikel
  4954 | D:5      | Reached skill level 5 in Fighting
  4954 | D:5      | Reached skill level 1 in Bows
  4954 | D:5      | Reached XP level 9. HP: 43/68 MP: 11/14
  5222 | D:5      | Noticed Edmund
  5241 | D:5      | Killed Edmund
  5924 | D:6      | Found a glowing drain.
  5928 | Sewer    | Entered a sewer
  6496 | D:6      | Found a staircase to the Ecumenical Temple.
  6647 | Temple   | Entered the Ecumenical Temple
  7055 | D:6      | Acquired Fedhas' third power
  7184 | D:6      | Reached skill level 8 in Long Blades
  7184 | D:6      | Reached skill level 5 in Armour
  7196 | D:6      | Found a basalt altar of Yredelemnul.
  7703 | D:7      | Reached XP level 10. HP: 23/75 MP: 17/17
  8130 | D:7      | Identified the Catalogue of Lightness
  8987 | D:8      | Noticed cedor's ghost (experienced NaVM)
  9031 | D:8      | Killed cedor's ghost
  9031 | D:8      | Reached skill level 5 in Invocations
  9749 | D:8      | Found a staircase to the Lair.
  9810 | D:8      | HP: 3/76 [killer bee (2)]
  9810 | D:8      | Slain by a killer bee

Action                   |  1- 3 |  4- 6 |  7- 9 | 10-12 || total
-------------------------+-------+-------+-------+-------++-------
Melee: Long sword        |   131 |   274 |   590 |   253 ||  1248
       Falchion          |       |       |       |     4 ||     4
 Fire: Bow               |       |       |     3 |     6 ||     9
Throw: Throwing net      |       |       |     2 |       ||     2
Invok: Sunlight          |       |       |     3 |     3 ||     6
       Growth            |       |       |       |     1 ||     1
       Evolution         |       |       |       |     1 ||     1
 Abil: Evoke Flight      |       |       |     1 |     1 ||     2
Evoke: Wand              |       |       |     1 |     1 ||     2
  Use: Potion            |     3 |     5 |     2 |     5 ||    15
       Scroll            |       |     1 |     7 |       ||     8
 Stab: Held in net/web   |       |       |     3 |       ||     3
